 Dungeon Crawl Stone Soup version 0.29.0-4-gdea44cf6ec (webtiles) character file.

Game seed: 5762804030633456355

56 qw the Caller (level 3, -2/29 HPs)
             Began as a Ghoul Summoner on Sept 9, 2022.
             Slain by a kobold
             ... wielding a +2 short sword of venom
              (3 damage)
             ... on level 2 of the Dungeon.
             The game lasted 00:00:56 (2438 turns).

qw the Caller (Ghoul Summoner)                      Turns: 2438, Time: 00:00:56

Health: -2/29      AC:  4    Str: 13    XL:     3   Next: 95%
Magic:  2/4        EV: 11    Int: 10    God:
Gold:   16         SH:  0    Dex:  9    Spells: 4/5 levels left

rFire   . . .      SeeInvis .   Y - +0 hand axe
rCold   + . .      Faith    .   (no shield)
rNeg    + + +      Spirit   .   f - +0 leather armour
rPois   inf        Reflect  .   (no helmet)
rElec   .          Harm     .   (no cloak)
rCorr   .          Rampage  .   c - +0 pair of gloves
Will    .....                   (no boots)
Stlth   +.........              (no amulet)
HPRegen 0.00/turn               (no ring)
MPRegen 0.09/turn               (no ring)

@: inhibited regen
A: claws 1, cold resistance 1, negative energy resistance 3, inhibited
regeneration, torment resistance 2, devour on kill
a: no special abilities


You were on level 2 of the Dungeon.
You visited 1 branch of the dungeon, and saw 2 of its levels.

You collected 39 gold pieces.
You spent 23 gold pieces at shops.


Innate Abilities, Weirdness & Mutations

You are immune to poison.
You have sharp fingernails.
Your flesh is cold resistant. (rC+)
You are immune to negative energy. (rN+++)
You do not regenerate when monsters are visible.
You are immune to unholy pain and torment.
You thrive by killing the living.


   Skills:
 - Level 2.0 Fighting
 + Level 2.4 Axes
 - Level 1.7 Dodging
 - Level 2.1 Stealth
 - Level 1.7 Spellcasting
 - Level 3.6 Summonings


You had 4 spell levels left.
You knew the following spells:

 Your Spells              Type           Power      Damage    Failure   Level
a - Summon Small Mammal   Summ           32%        N/A       10%         1

Your spell library contained the following spells:

 Spells                   Type           Power      Damage    Failure   Level
 Call Imp                 Summ           8%         N/A       14%         2
 Call Canine Familiar     Summ           8%         N/A       28%         3
 Summon Guardian Golem    Hex/Summ       4%         N/A       52%         3
 Summon Lightning Spire   Summ/Air       4%         N/A       89%         4

Inventory:

Hand Weapons
 d - a +0 club
 Y - a +0 hand axe (weapon)
Armour
 c - a +0 pair of gloves (worn)
 f - a +0 leather armour (worn)
Jewellery
 h - an amulet of regeneration
Scrolls
 a - a scroll of poison {unknown}
 b - 2 scrolls of blinking {unknown}
 g - a scroll of identify
Potions
 e - a potion of might {unknown}

Dungeon Overview and Level Annotations

Branches:
Dungeon (2/15)

Altars:
Fedhas

Shops:
D:2 *


Message History

You closely miss the jackal. You hit the kobold but do no damage.
The jackal barely misses you. The jackal misses you.
The kobold hits you with a +2 short sword of venom.
The jackal bites you but does no damage.
The jackal barely misses you. The kobold hits you but does no damage.
You completely miss the jackal.
The jackal is almost dead.
You closely miss the jackal. You hit the kobold.
The jackal bites you but does no damage. x2
The jackal barely misses you.
The kobold hits you with a +2 short sword of venom.
You closely miss the jackal.
The jackal is almost dead.
You hit the jackal.
You kill the jackal!
You feel better.
You barely miss the kobold. The jackal barely misses you.
The jackal pauses to sniff the ground.
The jackal barely misses you. The kobold hits you but does no damage.
You hit the jackal but do no damage.
The jackal is almost dead.
You barely miss the kobold. The jackal bites you. The kobold misses you.
The jackal barely misses you.
You barely miss the jackal.
The jackal is almost dead.
You closely miss the kobold.
The jackal bites you but does no damage.
The kobold barely misses you.
You miss the jackal.
The jackal is almost dead.
You hit the kobold but do no damage. The jackal bites you.
The kobold closely misses you. The jackal closely misses you.
You hit the jackal but do no damage.
The jackal is almost dead.
You barely miss the kobold. The jackal barely misses you.
The kobold hits you but does no damage. The jackal bites you.
The kobold hits you with a +2 short sword of venom.
You die...

#.# # #.# # #.# # #.#
##### # #.# #...# .
#.#.#### #...#
...##.#....#########...#
......%h...........)...'
......K@##.##.#.####...#
#####.#.##.##.#.# #####
...#.##.##.#.# # #.#.
#.##.##.#.# # # ##
#.##.##.... .
..##.####.# # #....# ###
#.####


You could see a jackal and a kobold (resistant).

Vanquished Creatures
  2 adders (D:2)
  A dart slug (D:1)
  3 bats
  An endoplasm (D:2)
  A giant cockroach (D:1)
  A goblin (D:1)
  4 hobgoblins
  5 jackals
  A quokka (D:1)
  A frilled lizard (D:2)
20 creatures vanquished.

Vanquished Creatures (collateral kills)
  A dart slug (D:1)
  An endoplasm (D:1)
  A giant cockroach (D:1)
  2 jackals (D:1)
  A quokka (D:1)
  A ball python (D:1)
  2 kobolds
9 creatures vanquished.

Vanquished Creatures (others)
  2 plants (D:1)
2 creatures vanquished.

Grand Total: 31 creatures vanquished

Notes
Turn   | Place    | Note
-------+----------+-------------------------------------------
     0 | D:1      | qw the Ghoul Summoner began the quest for the Orb.
     0 | D:1      | Reached XP level 1. HP: 14/14 MP: 2/2
     0 | D:1      | 0 ||| qw: Version: 0.1-a-113-g051387a
     0 | D:1      | 0 ||| qw: Game counter: 7051
     0 | D:1      | 0 ||| qw: Always use a shield: true
     0 | D:1      | 0 ||| qw: God list: Okawaru
     0 | D:1      | 0 ||| qw: Allow faded altars: false
     0 | D:1      | 0 ||| qw: Do Orc after D:15 true
     0 | D:1      | 0 ||| qw: Do second Lair branch before Depths: true
     0 | D:1      | 0 ||| qw: Lair rune preference: random
     0 | D:1      | 0 ||| qw: Plans: Normal
     0 | D:1      | 0 ||| PLANNING D:1-11
    34 | D:1      | 34 ||| Wielding weapon +0 short sword.
    52 | D:1      | 52 ||| CASTING Summon Small Mammal
    53 | D:1      | 53 ||| CASTING Summon Small Mammal
    82 | D:1      | 82 ||| CASTING Summon Small Mammal
    83 | D:1      | 83 ||| CASTING Summon Small Mammal
    95 | D:1      | 95 ||| CASTING Summon Small Mammal
   104 | D:1      | Reached skill level 1 in Axes
   112 | D:1      | 112 ||| CASTING Summon Small Mammal
   119 | D:1      | 119 ||| CASTING Summon Small Mammal
   275 | D:1      | 275 ||| CASTING Summon Small Mammal
   276 | D:1      | 276 ||| CASTING Summon Small Mammal
   287 | D:1      | Reached XP level 2. HP: 20/22 MP: 1/3
   323 | D:1      | 323 ||| CASTING Summon Small Mammal
   324 | D:1      | 324 ||| CASTING Summon Small Mammal
   325 | D:1      | 325 ||| CASTING Summon Small Mammal
   330 | D:1      | Reached skill level 1 in Fighting
   374 | D:1      | 374 ||| UPGRADING to +0 pair of gloves.
   379 | D:1      | 379 ||| CASTING Summon Small Mammal
   380 | D:1      | 380 ||| CASTING Summon Small Mammal
   381 | D:1      | 381 ||| CASTING Summon Small Mammal
   443 | D:1      | 443 ||| CASTING Summon Small Mammal
   444 | D:1      | 444 ||| CASTING Summon Small Mammal
   445 | D:1      | 445 ||| CASTING Summon Small Mammal
   455 | D:1      | 455 ||| CASTING Summon Small Mammal
   558 | D:1      | 558 ||| CASTING Summon Small Mammal
   559 | D:1      | 559 ||| CASTING Summon Small Mammal
   560 | D:1      | 560 ||| CASTING Summon Small Mammal
   570 | D:1      | 570 ||| CASTING Summon Small Mammal
   696 | D:1      | 696 ||| CASTING Summon Small Mammal
   697 | D:1      | 697 ||| CASTING Summon Small Mammal
   698 | D:1      | 698 ||| CASTING Summon Small Mammal
   708 | D:1      | 708 ||| CASTING Summon Small Mammal
   772 | D:1      | 772 ||| UPGRADING to +0 leather armour.
   782 | D:1      | 782 ||| DROPPING +0 robe.
   817 | D:1      | 817 ||| CASTING Summon Small Mammal
   818 | D:1      | 818 ||| CASTING Summon Small Mammal
   819 | D:1      | 819 ||| CASTING Summon Small Mammal
   860 | D:1      | 860 ||| CASTING Summon Small Mammal
   861 | D:1      | 861 ||| CASTING Summon Small Mammal
   862 | D:1      | 862 ||| CASTING Summon Small Mammal
   948 | D:1      | 948 ||| Stepping ~*~*~tactically~*~*~ (hiding).
  1050 | D:1      | 1050 ||| Stepping ~*~*~tactically~*~*~ (hiding).
  1057 | D:1      | 1057 ||| CASTING Summon Small Mammal
  1058 | D:1      | 1058 ||| CASTING Summon Small Mammal
  1059 | D:1      | 1059 ||| CASTING Summon Small Mammal
  1128 | D:1      | 1128 ||| CASTING Summon Small Mammal
  1129 | D:1      | 1129 ||| CASTING Summon Small Mammal
  1130 | D:1      | 1130 ||| CASTING Summon Small Mammal
  1140 | D:1      | 1140 ||| CASTING Summon Small Mammal
  1218 | D:1      | 1218 ||| CASTING Summon Small Mammal
  1219 | D:1      | 1219 ||| CASTING Summon Small Mammal
  1220 | D:1      | 1220 ||| CASTING Summon Small Mammal
  1315 | D:1      | 1315 ||| CASTING Summon Small Mammal
  1316 | D:1      | 1316 ||| CASTING Summon Small Mammal
  1317 | D:1      | 1317 ||| CASTING Summon Small Mammal
  1327 | D:1      | 1327 ||| CASTING Summon Small Mammal
  1330 | D:1      | Reached XP level 3. HP: 28/28 MP: 0/4
  1385 | D:1      | 1385 ||| CASTING Summon Small Mammal
  1386 | D:1      | 1386 ||| CASTING Summon Small Mammal
  1387 | D:1      | 1387 ||| CASTING Summon Small Mammal
  1388 | D:1      | 1388 ||| CASTING Summon Small Mammal
  1396 | D:1      | 1396 ||| CASTING Summon Small Mammal
  1471 | D:1      | 1471 ||| SWAPPING to +0 hand axe.
  1472 | D:1      | 1472 ||| DROPPING +0 short sword.
  1819 | D:1      | 1819 ||| READING scroll labelled SAUSOM WAULLEO.
  1824 | D:1      | 1824 ||| READING scroll labelled QUHUPH DUINE.
  1825 | D:1      | 1825 ||| READING 2 scrolls labelled LOSMAU KEECSY.
  1826 | D:1      | 1826 ||| DROPPING potion of magic.
  1892 | D:2      | 1892 ||| CASTING Summon Small Mammal
  1893 | D:2      | 1893 ||| CASTING Summon Small Mammal
  1894 | D:2      | 1894 ||| CASTING Summon Small Mammal
  1895 | D:2      | 1895 ||| CASTING Summon Small Mammal
  1937 | D:2      | 1937 ||| CASTING Summon Small Mammal
  1938 | D:2      | 1938 ||| CASTING Summon Small Mammal
  1939 | D:2      | 1939 ||| CASTING Summon Small Mammal
  1940 | D:2      | 1940 ||| CASTING Summon Small Mammal
  1989 | D:2      | 1989 ||| CASTING Summon Small Mammal
  1990 | D:2      | 1990 ||| CASTING Summon Small Mammal
  1991 | D:2      | 1991 ||| CASTING Summon Small Mammal
  1992 | D:2      | 1992 ||| CASTING Summon Small Mammal
  2158 | D:2      | 2158 ||| CASTING Summon Small Mammal
  2181 | D:2      | Found a blossoming altar of Fedhas.
  2204 | D:2      | Found Rarr's Assorted Antiques.
  2211 | D:2      | 2211 ||| CASTING Summon Small Mammal
  2212 | D:2      | 2212 ||| CASTING Summon Small Mammal
  2213 | D:2      | 2213 ||| CASTING Summon Small Mammal
  2214 | D:2      | 2214 ||| CASTING Summon Small Mammal
  2324 | D:2      | 2324 ||| SHOPLISTING garnet ring (130 gold, have 39).
  2324 | D:2      | 2324 ||| BUYING murky red potion (23 gold).
  2324 | D:2      | Bought a murky red potion for 23 gold pieces
  2324 | D:2      | 2324 ||| SHOPLISTING pair of boots (117 gold, have 16).
  2324 | D:2      | 2324 ||| SHOPLISTING ring mail (104 gold, have 16).
  2324 | D:2      | 2324 ||| SHOPLISTING scroll labelled QISIASMEN (26 gold,
                  | have 16).
  2324 | D:2      | 2324 ||| SHOPLISTING scroll labelled YPUMAC MIOTYPN (26
                  | gold, have 16).
  2324 | D:2      | 2324 ||| SHOPLISTING scroll of identify (52 gold, have 16).
  2345 | D:2      | 2345 ||| CASTING Summon Small Mammal
  2346 | D:2      | 2346 ||| CASTING Summon Small Mammal
  2347 | D:2      | 2347 ||| CASTING Summon Small Mammal
  2348 | D:2      | 2348 ||| CASTING Summon Small Mammal
  2413 | D:2      | 2413 ||| CASTING Summon Small Mammal
  2414 | D:2      | 2414 ||| CASTING Summon Small Mammal
  2415 | D:2      | 2415 ||| CASTING Summon Small Mammal
  2416 | D:2      | 2416 ||| CASTING Summon Small Mammal
  2432 | D:2      | HP: 5/29 [kobold/+2 short sword of venom (3)]
  2437 | D:2      | HP: 2/29 [jackal (2)]
  2438 | D:2      | Slain by a kobold

Levels and vault maps discovered:
D:1:      lightli_arrival_quake, layout_loops_ring, serial_glass,
          glass_columns_a, glass_columns_a, glass_columns_c, glass_columns_b,
          glass_columns_c, glass_columns_c, glass_columns_c, glass_columns_a,
          glass_columns_b, glass_columns_a, hex_medium, serial_bayou_lagoon_b
D:2:      layout_basic, ebering_ecumenical_altar_ruins, serial_shops, shop,
          basic_altar, kennysheep_generic_room_13, uniq_crazy_yiuf_cottage,
          uniq_robin

Skill      XL: |  1  2  3 |
---------------+----------+-----
Axes           | 1 2 |  2.4
Fighting       | 1 2 |  2.0
Dodging        | |  1.7
Stealth        | |  2.1
Spellcasting   | |  1.7
Summonings     | |  3.6

Action                   || total
-------------------------++-------
Melee: Short sword       ||    86
       Punch             ||     2
       Hand axe          ||    62
 Cast: Summon Small Mamm ||    74
  Use: Scroll            ||     3
 Stab: Distracted        ||     1
Armor: Robe              ||    15
       Leather armour    ||    37
Dodge: Dodged            ||   103

Table legend:
 A = Non-vault XP
 B = Vault XP
 C = Vault XP percentage of total XP
 D = Non-vault monster count
 E = Vault monster count
 F = Vault count percentage of total count
                 A         B        C        D         E       F
            +---------+---------+-------+---------+---------+-------
      Total |      80 |       0 |   0.0 |      29 |       0 |   0.0
            +---------+---------+-------+---------+---------+-------
        D:1 |      38 |       0 |   0.0 |      18 |       0 |   0.0
        D:2 |      42 |       0 |   0.0 |      11 |       0 |   0.0
            +---------+---------+-------+---------+---------+-------
